 Dungeon Crawl Stone Soup version 0.29.1-15-g9cfb28693d (webtiles) character file.

Game seed: 3310888489925118399

392 booth the Chopper (level 6, 0/47 HPs)
             Began as a Demonspawn Gladiator on Mar 12, 2023.
             Was a Believer of Nemelex Xobeh.
             Succumbed to an orc wizard's poison
             ... on level 4 of the Dungeon on Mar 13, 2023.
             The game lasted 00:25:15 (4227 turns).

booth the Chopper (Demonspawn Gladiator)            Turns: 4227, Time: 00:25:16

Health: 0/47       AC:  4    Str: 16    XL:     6   Next: 50%
Magic:  6/6        EV: 13    Int: 10    God:    Nemelex Xobeh [**....]
Gold:   126        SH:  0    Dex: 14    Spells: 5/5 levels left

rFire   . . .      SeeInvis .   a - +0 war axe
rCold   . . .      Faith    .   (no shield)
rNeg    . . .      Spirit   .   b - +0 leather armour
rPois   .          Reflect  .   c - +0 helmet
rElec   .          Harm     .   (no cloak)
rCorr   +          Rampage  .   (no gloves)
Will    .....      Clarity  +   (no boots)
Stlth   +.........              (no amulet)
HPRegen 0.15/turn               m - ring of resist corrosion
MPRegen 0.10/turn               (no ring)

@: lethally poisoned (0 -> -22)
A: claws 2, demonic guardian 2, clarity
a: Renounce Religion, Draw Escape, Draw Destruction, Draw Summoning


You were on level 4 of the Dungeon.
You worshipped Nemelex Xobeh.
Nemelex Xobeh was pleased with you.
You visited 1 branch of the dungeon, and saw 4 of its levels.

You collected 126 gold pieces.

Inventory:

Hand Weapons
 a - a +0 war axe (weapon)
Missiles
 d - a throwing net (quivered)
 e - a javelin
 i - 3 poisoned darts
Armour
 b - a +0 leather armour (worn)
 c - a +0 helmet (worn)
Jewellery
 m - a ring of resist corrosion (left claw)
 u - a ring of magical power
Wands
 f - a wand of flame (14)
Scrolls
 h - 2 scrolls of magic mapping
 l - a scroll of enchant weapon {unknown}
 p - a scroll of butterflies {unknown}
 r - a scroll of vulnerability {unknown}
 s - a scroll of blinking
 t - a scroll of teleportation
Potions
 g - a potion of brilliance {unknown}
 j - 3 potions of invisibility
 k - a potion of might {unknown}
 n - a potion of flight
 o - 2 potions of magic {unknown}
 q - a potion of haste {unknown}


   Skills:
 + Level 3.5 Fighting
 * Level 4.6 Axes
 + Level 3.2 Throwing
 + Level 3.8 Dodging


You had 5 spell levels left.
You didn't know any spells.
Your spell library contained the following spells:

 Spells                   Type           Power      Damage    Failure   Level
 Foxfire                  Conj/Fire      0%         2x1d4     43%         1
 Shock                    Conj/Air       0%         1d3       43%         1
 Blink                    Tloc           0%         N/A       56%         2
 Ensorcelled Hibernation  Hex/Ice        0%         N/A       56%         2
 Conjure Flame            Conj/Fire      0%         6-21      80%         3
 Inner Flame              Hex/Fire       0%         N/A       80%         3
 Spider Form              Tmut/Pois      0%         N/A       80%         3
 Anguish                  Hex/Necr       0%         N/A       99%         4
 Flame Wave               Conj/Fire      0%         2d4       99%         4
 Summon Lightning Spire   Summ/Air       0%         N/A       99%         4
 Manifold Assault         Tloc           0%         N/A       100%        5
 Silence                  Hex/Air        0%         N/A       100%        5
 Storm Form               Tmut/Air       0%         N/A       100%        7


Dungeon Overview and Level Annotations

Branches:
Dungeon (4/15)
 Temple: D:4-7

Altars:
Kikubaaqudgha
Nemelex Xobeh
Sif Muna
Vehumet


Innate Abilities, Weirdness & Mutations

You have very sharp fingernails.
A demonic guardian rushes to your aid.
You possess an exceptional clarity of mind.


Message History

The puff of flame hits you!
You hear some strange, mumbled words.
You feel momentarily confused.
The orc wizard mumbles some strange words.
The orc wizard flickers and vanishes!
The orc wizard hits your ice devil but does no damage.
You draw a card...
You have drawn the Storm.
A fierce wind blows from the card.
The orc wizard and your ice devil are blown away by the wind.
Your demonic guardian avoids your attack.
You hear mighty peals of thunder!
You hear a shout!
Something hits you but does no damage.
You closely miss something. Something hits you.
You are poisoned.
You closely miss the orc wizard.
The orc wizard is lightly wounded.
You miss something.
You feel very sick. The orc wizard barely misses you. Something hits you.
You are more poisoned.
You draw a card...
You have drawn the Rangers.
You feel very sick. The orc wizard casts a spell at you.
You feel momentarily confused. Something hits you.
You are lethally poisoned!
Your ice devil hits the orc wizard but does no damage.
* * * LOW HITPOINT WARNING * * *
You feel very sick.
Your centaur warrior hits the orc wizard!
Your centaur warrior kicks the orc wizard.
The orc wizard dies!
Something hits you but does no damage.
You are more poisoned.
You swap places.
* * * LOW HITPOINT WARNING * * *
You feel very sick.
Your ice devil barely misses something.
You swap places.
You die...
Your body glows slightly and disappears.

#...# #..##.# .. #..#
#..##.###.#.
#..#+#..##.......
#...........####
#...<...##.#...#
#...###.###....#
#..##.....##...# ###
####..⌠.⌠..##..####..
##c@..⌠....##†.....#
#c.c.⌠.⌠....#.######
#.)4........#.#
##'###'###'##.#
.{.#.).#...#.#
#._.#._.#._.#.#
###############


You could see 3 friendly centaur warriors and a friendly ice devil (summoned).

Vanquished Creatures
  An ogre (D:4)
  A hound (D:4)
  2 orc wizards (D:4)
  8 gnolls
  3 adders
  A worm (D:4)
  3 dart slugs
  An orc (D:4)
  3 bats
  6 endoplasms
  A giant cockroach (D:3)
  8 hobgoblins
  A quokka (D:1)
  4 ball pythons
  6 frilled lizards
  8 goblins
  6 kobolds
  3 rats
66 creatures vanquished.

Vanquished Creatures (collateral kills)
  An iguana (D:4)
  An orc wizard (D:4)
  A worm (D:2)
  A ball python (D:4)
  A giant cockroach (D:4)
  A hobgoblin (D:4)
  A quokka (D:2)
7 creatures vanquished.

Grand Total: 73 creatures vanquished

Notes
Turn   | Place    | Note
-------+----------+-------------------------------------------
     0 | D:1      | booth the Demonspawn Gladiator began the quest for the Orb.
     0 | D:1      | Reached XP level 1. HP: 16/16 MP: 1/1
   153 | D:1      | Gained mutation: A weak demonic guardian rushes to your
                  | aid. [demonic ancestry]
   153 | D:1      | Reached XP level 2. HP: 22/22 MP: 2/2
   578 | D:1      | Reached skill level 3 in Axes
   717 | D:1      | Gained mutation: You have sharp fingernails. [demonic
                  | ancestry]
   717 | D:1      | Reached XP level 3. HP: 26/28 MP: 3/3
   847 | D:1      | Gained mutation: You are clumsy. (Dex -2) [potion of
                  | mutation]
   847 | D:1      | Lost mutation: You are clumsy. (Dex -2) [potion of
                  | mutation]
   847 | D:1      | Gained mutation: You possess an exceptional clarity of
                  | mind. [potion of mutation]
  1300 | D:2      | Found a faded altar of an unknown god.
  1309 | D:2      | Prayed at the altar of an unknown god.
  1309 | D:2      | Became a worshipper of Nemelex Xobeh the Trickster
  1309 | D:2      | Reached * piety under Nemelex Xobeh
  1309 | D:2      | Received a gift from Nemelex Xobeh
  1563 | D:2      | Got Kingizoh's Directory of the Birds
  1729 | D:2      | Gained mutation: You have very sharp fingernails. [demonic
                  | ancestry]
  1729 | D:2      | Reached XP level 4. HP: 34/34 MP: 4/4
  2746 | D:3      | Reached ** piety under Nemelex Xobeh
  2746 | D:3      | Received a gift from Nemelex Xobeh
  3034 | D:4      | Reached XP level 5. HP: 19/41 MP: 5/5
  3110 | D:4      | Reached skill level 4 in Axes
  3797 | D:4      | Noticed an ogre
  3830 | D:4      | Killed an ogre
  3831 | D:4      | Gained mutation: A demonic guardian rushes to your aid.
                  | [demonic ancestry]
  3831 | D:4      | Reached XP level 6. HP: 47/47 MP: 6/6
  4010 | D:4      | Found an ancient bone altar of Kikubaaqudgha.
  4031 | D:4      | Found a radiant altar of Vehumet.
  4215 | D:4      | Found a shimmering blue altar of Sif Muna.
  4227 | D:4      | Succumbed to an orc wizard's poison

Illustrated notes

Levels and vault maps discovered:
D:1:      minmay_arrival_hallway, layout_rooms, minmay_stone_trees_small,
          supply_closet_lemuel, chequers_serial_rivers_micro_c,
          minmay_pentomino_r4
D:2:      layout_basic, shapermc_ecumenical_altar_mp_highgroup
D:3:      layout_loops_ring
D:4:      layout_rooms, palyth_temple_overflow_mages,
          nicolae_ru_great_annihilating_truth,
          mainiacjoe_overflow_surrounded_room, kennysheep_minor_cross

Skill      XL: |  1  2  3  4  5 |
---------------+----------------+-----
Throwing       | 2 3 |  3.2
Dodging        | 3 |  3.8
Axes           | 3 4 |  4.6
Fighting       | 3 |  3.5

Action                   |  1- 3 |  4- 6 || total
-------------------------+-------+-------++-------
Melee: War axe           |    95 |   100 ||   195
       Punch             |     3 |     4 ||     7
Throw: Dart              |       |     7 ||     7
       Throwing net      |       |     4 ||     4
       Javelin           |       |     2 ||     2
Invok: Draw Destruction  |       |     1 ||     1
       Draw Summoning    |       |     1 ||     1
Evoke: Wand              |     1 |    10 ||    11
  Use: Scroll            |     5 |     2 ||     7
       Potion            |     2 |     1 ||     3
 Stab: Sleeping          |       |     1 ||     1
Armor: Leather armour    |    24 |    31 ||    55
Dodge: Dodged            |    61 |    70 ||   131
